 Dungeon Crawl Stone Soup version 0.27-a0-765-ge4d627daa3 (webtiles) character file.

Game seed: 5607914453123220791

2 rageheart7 the Charlatan (level 1, -3/20 HPs)
             Began as an Ogre Artificer on Mar 25, 2021.
             Engulfed by a cloud of steam (4 damage)
             ... on level 1 of the Dungeon.
             The game lasted 00:00:41 (135 turns).

rageheart7 the Charlatan (Ogre Artificer)            Turns: 135, Time: 00:00:42

Health: -3/20      AC:  3    Str: 15    XL:     1   Next: 40%
Magic:  1/1        EV: 10    Int: 12    God:
Gold:   39         SH:  0    Dex:  9    Spells: 0/0 levels left

rFire    . . .     SeeInvis .   a - +0 club
rCold    . . .     Faith    .   (no shield)
rNeg     . . .     Spirit   .   b - +0 robe
rPois    .         Reflect  .   (helmet restricted)
rElec    .         Harm     .   (no cloak)
rCorr    .         Rampage  .   (gloves unavailable)
Will     .....                  (boots unavailable)
Stlth    +.........             (no amulet)
HPRegen  0.06/turn              (no ring)
MPRegen  0.07/turn              (no ring)

@: no status effects
A: large, unfitting armour, tough skin 1
a: no special abilities


You were on level 1 of the Dungeon.
You visited 1 branch of the dungeon, and saw 1 of its levels.

You collected 39 gold pieces.

Inventory:

Hand Weapons
 a - a +0 club (weapon)
Armour
 b - a +0 robe (worn)
Wands
 c - a wand of flame (14) (quivered)
 d - a wand of charming (15)
 e - a wand of random effects (15)


   Skills:
 * Level 1.7 Fighting
 * Level 0.3 Maces & Flails
 - Level 2.1 Dodging
 - Level 0.6 Stealth
 - Level 2.4 Evocations


You couldn't memorise any spells.
You didn't know any spells.
Your spell library was empty.

Dungeon Overview and Level Annotations

Branches:
Dungeon (1/15)

Altars:

Shops:
D:1 ?


Innate Abilities, Weirdness & Mutations

You are too large for most types of armour.
You have tough skin. (AC +1)


Message History

You hit the hobgoblin but do no damage. The bat hits you but does no damage.
The hobgoblin barely misses you. The hobgoblin hits you.
You hit the hobgoblin.
The hobgoblin is severely wounded.
The bat closely misses you. The hobgoblin hits you.
You are too injured to fight recklessly!
You are too injured to fight recklessly!
You are too injured to fight recklessly!
You are too injured to fight recklessly!
You are too injured to fight recklessly!
You are too injured to fight recklessly!
You are too injured to fight recklessly!
You are too injured to fight recklessly!
You are too injured to fight recklessly!
You are too injured to fight recklessly!
You are too injured to fight recklessly!
You are too injured to fight recklessly!
You barely miss the hobgoblin.
The hobgoblin is severely wounded.
The bat hits you but does no damage.
The bat hits the plant.
The plant begins to die.
The hobgoblin splashes around in the water.
The bat barely misses you.
You barely miss the hobgoblin.
The hobgoblin is severely wounded.
The bat hits you but does no damage. The hobgoblin hits you.
* * * LOW HITPOINT WARNING * * *
The hobgoblin completely misses you.
You hit the hobgoblin.
You kill the hobgoblin!
The bat closely misses you. The rat bites you but does no damage.
Aiming: Throw Flame
Press: ? - help, Shift-Dir - straight line, f - rat
Aim: a rat (29% to evade)
The puff of flame hits the rat!
You kill the rat!
A nearby plant withers and dies.
The bat hits you.
* * * LOW HITPOINT WARNING * * *
You are engulfed in a cloud of scalding steam.
You die...

#.≈≈≈≈≈≈P# #.≈≈≈≈≈..#
#.≈≈≈≈P≈.##
#.≈≈≈≈≈≈..#
##.P≈≈≈≈≈♣.##
#..≈≈.≈≈.....
#.P≈§b§≈P.#...... #
#..♣§†§♣.........###.
#...@§§..##...[......
#.#########.........
#.# #........# ##.#
#........ #..#
#.......### #.## ..#
#..... ##.#######
#.###..### #....[....
#.##..####
#.........#
#.#..####.


You could see a bat.

Vanquished Creatures
  A hobgoblin (D:1)
  A ball python (D:1)
  A rat (D:1)
3 creatures vanquished.

Vanquished Creatures (others)
  A plant (D:1)
1 creature vanquished.

Grand Total: 4 creatures vanquished

Notes
Turn   | Place    | Note
-------+----------+-------------------------------------------
     0 | D:1      | rageheart7 the Ogre Artificer began the quest for the Orb.
     0 | D:1      | Reached XP level 1. HP: 19/19 MP: 1/1
    91 | D:1      | Found Pivoss's Magic Scroll Emporium.
   135 | D:1      | Engulfed by a cloud of steam

Illustrated notes

Levels and vault maps discovered:
D:1:      minmay_arrival_stone_box, layout_rooms, serial_bayou,
          serial_bayou_shore_b, serial_bayou_shore_b, serial_bayou_pond_b,
          serial_bayou_pond_a, serial_shops, nicolae_shop_crystal

Action                   || total
-------------------------++-------
Melee: Club              ||     9
Evoke: Wand              ||     1
Armor: Robe              ||     7
Dodge: Dodged            ||    14

Table legend: (Time is in decaauts)
 A = Elapsed time spent in this place.
 B = Non-inter-level travel time spent in this place.
 C = Inter-level travel time spent in this place.
 D = Time resting spent in this place.
 E = Time spent auto-exploring this place.
 F = Levels seen in this place.
 G = Mean time per level.
                   A        B        C        D        E       F      G
               +--------+--------+--------+--------+--------+-----+--------+
         Total |    139 |    139 |      0 |      0 |    114 |   1 |  139.0 |
       Dungeon |    139 |    139 |      0 |      0 |    114 |   1 |  139.0 |
               +--------+--------+--------+--------+--------+-----+--------+

Top non-repeatable levels by time:
     D:1: 139 daAuts
